 Zot Defence DCSS version 0.15.2 (webtiles) character file.

3019 hexophile the Chopper (level 9, -6/92 HPs)
             Began as a Troll Berserker on July 4, 2015.
             Was an Elder of Trog.
             Killed by the air
             ... invoked by a wind drake
              (10 damage)
             ... in the Realm of Zot (Scenario III: Two or Three?).
             The game lasted 00:09:27 (1520 turns).

hexophile the Chopper (Troll Berserker)             Turns: 1520, Time: 00:09:27

HP  -6/92        AC  5     Str 30      XL: 9   Next: 55%
MP   4/4         EV 11     Int  3      God: Trog [****..]
Gold 0           SH  0     Dex  9      Spells:  0 memorised,  8 levels left

rFire  . . .     SeeInvis .     a - +0 hand axe
rCold  . . .     Clarity  .     b - +0 animal skin
rNeg   . . .     rCorr    .     (shield restricted)
rPois  .         rRot     .     (helmet restricted)
rElec  .         Spirit   .     (no cloak)
SustAb .         Warding  .     (gloves unavailable)
rMut   .         Stasis   .     (boots unavailable)
Gourm  +                        (no amulet)
MR     .....                    (no ring)
                                (no ring)

@: not resistant to hostile enchantments, very unstealthy
A: unfitting armour, claws 3, fast metabolism 3, gourmand, regeneration 2,
saprovore 2, shaggy fur 1, tough skin 2
a: Make oklob sapling, Make arrow trap, Make plant, Remove Curse, Make burning
bush, Make altar, Make grenades, Make oklob plant, Make net trap, Make ice
statue, Burn Spellbooks, Berserk, Trog's Hand, Brothers in Arms, Renounce
Religion


You were in the Realm of Zot.
You worshipped Trog.
Trog was greatly pleased with you.
You were not hungry.

You visited 1 branch

Inventory:

Hand weapons
 a - a +0 hand axe (weapon)
Armour
 b - a +0 animal skin (worn)
Comestibles
 d - 2 meat rations
Scrolls
 i - a scroll of blinking
Potions
 c - 3 potions of curing
 f - a potion of haste
 g - 2 potions of magic
 h - a potion of berserk rage


   Skills:
 * Level 6.8 Fighting
 * Level 7.1 Axes
 + Level 4.1 Armour
 + Level 5.2 Dodging


You had 8 spell levels left.
You didn't know any spells.

Dungeon Overview and Level Annotations

Branches:
    Zot (1/1)

Altars:


Innate Abilities, Weirdness & Mutations

You are too large for most types of armour.
You have claws for hands.
Your metabolism is lightning-fast.
You like to eat raw meat.
You heal very quickly.
You can eat rotten meat.
You are covered in fur (AC +1).
You have very tough skin (AC +2).


Message History

The wind drake flaps its wings at something.
The air twists around and strikes you!
* * * LOW HITPOINT WARNING * * *
The wind drake flaps its wings at something.
The air twists around and strikes you!
* * * LOW HITPOINT WARNING * * *
Drink which item? (? for menu, Esc to quit)
Okay, then.
The wind drake flaps its wings at something.
The air twists around and strikes you!
* * * LOW HITPOINT WARNING * * *
Your oklob plant spits acid at the wind drake.
The wind drake deflects the splash of acid!
The wind drake exhales a fierce blast of wind!
There are monsters nearby!
Your oklob plant spits acid at the wind drake.
The wind drake deflects the splash of acid!
The wind drake flaps its wings at something.
The air twists around and strikes you!
You die...

▓....▓▓▓ ▓▓.))mmk.▓▓ ▓▓▓....▓▓▓
▓▓▓....▓▓▓▓.kc)c....▓▓▓▓....▓▓▓▓▓
▓ ▓▓▓....▓.m.........▓....▓▓▓ ▓∆∆
▓ ▓▓▓..........)......▓▓▓ ▓∆∆ ▓
▓▓▓...[k........▓▓▓ ▓▓∆
▓▓▓▓▓▓▓▓▓▓▓.....)).(▓▓▓▓▓▓▓▓▓▓▓▓∆
∆∆∆/▓▓▓▓▓▓▓▓)......▓▓▓▓▓▓▓▓[∆∆∆∆∆
▓▓▓▓▓▓▓▓▓▓▓)).......▓▓▓▓▓▓▓▓▓▓▓▓∆
▓ ▓▓▓.)....)@..)..▓▓▓ ▓▓∆ ▓
▓▓▓........).)...).)▓▓▓ ▓∆∆ ▓
▓▓▓..).)).)..P....).....▓▓▓ ▓∆∆
▓▓▓...))......P.P)..)..)....▓▓▓▓▓
▓.......)........)..))))......▓▓▓
......▓▓▓▓▓▓▓▓▓▓▓▓▓▓▓▓▓▓▓........
.....▓▓ ▓▓....... ....▓▓ ▓▓......
..K▓▓ ▓▓.....


You could see 3 wind drakes, 3 merfolk, 2 centaurs and 3 friendly oklob plants.

Vanquished Creatures
  2 merfolk (Zot)
  A deep elf mage (Zot)
  Grum (Zot)
  An orc warrior (Zot)
  An ice beast (Zot)
  A gnoll sergeant (Zot)
  A scorpion (Zot)
  4 goliath beetles (Zot)
  Ijyb (Zot)
  12 gnolls (Zot)
  A shadow imp (Zot)
  A green rat (Zot)
  A worm (Zot)
  3 oozes (Zot)
  2 orcs (Zot)
  5 bats (Zot)
  A giant cockroach (Zot)
  3 hobgoblins (Zot)
  3 giant newts (Zot)
  A giant newt zombie (Zot)
  7 goblins (Zot)
  6 kobolds (Zot)
  A kobold zombie (Zot)
  5 rats (Zot)
  A rat zombie (Zot)
66 creatures vanquished.

Vanquished Creatures (collateral kills)
  A yak (Zot)
  Duvessa (Zot)
  A quasit (Zot)
  A goliath beetle (Zot)
  2 orc wizards (Zot)
  An orange rat (Zot)
  2 gnoll shamans (Zot)
  A worker ant (Zot)
  3 adders (Zot)
  A gnoll (Zot)
  A giant mite (Zot)
  A green rat (Zot)
  A worm (Zot)
  9 orcs (Zot)
  A ball python (Zot)
  6 bats (Zot)
  7 giant cockroaches (Zot)
  11 goblins (Zot)
  5 hobgoblins (Zot)
  2 jackals (Zot)
  6 kobolds (Zot)
  A quokka (Zot)
  A giant newt (Zot)
  22 rats (Zot)
88 creatures vanquished.

Vanquished Creatures (others)
  An oklob plant (Zot)
  4 oklob saplings (Zot)
5 creatures vanquished.

Grand Total: 159 creatures vanquished

Notes
Turn   | Place    | Note
--------------------------------------------------------------
     0 | Zot      | hexophile, the Troll Berserker, began the quest for the Orb.
     0 | Zot      | Reached XP level 1. HP: 22/22 MP: 1/1
   205 | Zot      | Reached XP level 2. HP: 29/29 MP: 1/1
   247 | Zot      | Reached skill level 3 in Dodging
   248 | Zot      | Reached XP level 3. HP: 36/36 MP: 2/2
   322 | Zot      | Acquired Trog's second power
   330 | Zot      | Noticed Kamaic
   340 | Zot      | Reached XP level 4. HP: 44/44 MP: 2/2
   364 | Zot      | Killed Kamaic the ice beast
   364 | Zot      | Reached skill level 1 in Armour
   364 | Zot      | Reached XP level 5. HP: 50/53 MP: 2/2
   391 | Zot      | Reached XP level 6. HP: 61/61 MP: 3/3
   409 | Zot      | Reached skill level 4 in Axes
   735 | Zot      | Noticed Ijyb
   753 | Zot      | Killed Ijyb
   798 | Zot      | Reached XP level 7. HP: 70/70 MP: 3/3
   868 | Zot      | Reached skill level 5 in Axes
   936 | Zot      | Killed Dinarphya the yak
   936 | Zot      | Reached skill level 5 in Fighting
   936 | Zot      | Reached XP level 8. HP: 78/80 MP: 3/3
  1033 | Zot      | Noticed Duvessa
  1041 | Zot      | Killed Duvessa
  1224 | Zot      | Reached skill level 6 in Axes
  1230 | Zot      | Noticed Grum
  1260 | Zot      | Acquired Trog's third power
  1264 | Zot      | Killed Grum
  1264 | Zot      | Reached XP level 9. HP: 64/89 MP: 4/4
  1437 | Zot      | Reached skill level 5 in Dodging
  1508 | Zot      | Reached skill level 7 in Axes
  1517 | Zot      | HP: 3/92 [wind drake/the air (13)]
  1520 | Zot      | Killed from afar by a wind drake

Action                   |  1- 3 |  4- 6 |  7- 9 || total
-------------------------+-------+-------+-------++-------
Melee: Hand axe          |    65 |    55 |   171 ||   291
 Abil: Make oklob saplin |       |     4 |       ||     4
       Make oklob plant  |       |       |     4 ||     4
  Use: Potion            |       |       |     1 ||     1
 Stab: Distracted        |       |     1 |     2 ||     3
